 Dungeon Crawl Stone Soup version 0.31-a0-344-gd109795599 (webtiles) character file.

Game seed: 9737404387827169432

1678 Newt the Fighter (level 8, 0/7 HPs)
             Began as a Demonspawn Gladiator on July 21, 2023.
             Was an Initiate of Makhleb.
             Slain by a wight
             ... wielding a +2 falchion
              (7 damage)
             ... on level 6 of the Dungeon.
             The game lasted 00:06:00 (4915 turns).

Newt the Fighter (Demonspawn Gladiator)             Turns: 4915, Time: 00:06:01

Health: 0/7        AC:  9    Str: 17    XL:     8   Next: 70%
Magic:  8/8        EV: 15    Int: 10    God:    Makhleb [......]
Gold:   326        SH:  0    Dex: 20    Spells: 7/7 levels left

rFire   . . .        y - +0 lajatang (flame)
rCold   . . .        (shield currently unavailable)
rNeg    . . .        b - melded +0 leather armour
rPois   .            c - +0 helmet
rElec   .            k - +0 cloak
rCorr   .            m - +0 pair of gloves
SInv    .            i - +0 pair of boots
Will    .....        (no amulet)
Stlth   ++           q - +4 ring of protection
HPRegen 0.21/turn    t - +6 ring of dexterity
MPRegen 0.11/turn

%: no passive effects
@: maw-form
A: devouring maw, reduced hp, rugged brown scales 1, ignite blood 1, weakness
stinger 2
a: Begin Untransformation, Renounce Religion


You were on level 6 of the Dungeon.
You worshipped Makhleb.
Makhleb was noncommittal.
You were a creature with a mouth for a stomach.
You visited 2 branches of the dungeon, and saw 7 of its levels.

You collected 326 gold pieces.

Inventory:

Hand Weapons
 a - a +0 rapier
 u - a +1 dagger of venom
 y - a +0 lajatang of flaming (weapon)
Missiles
 d - 2 throwing nets (quivered)
 e - 4 javelins
Armour
 b - a +0 leather armour (melded)
 c - a +0 helmet (worn)
 i - a +0 pair of boots (worn)
 k - a +0 cloak (worn)
 m - a +0 pair of gloves (worn)
Jewellery
 h - a ring of protection from cold
 n - a ring of poison resistance
 o - an amulet of faith
 q - a +4 ring of protection (left hand)
 t - a +6 ring of dexterity (right hand)
 x - a ring of positive energy
 z - a ring of protection from fire
 C - a ring of ice
 D - a ring of positive energy
Talismans
 F - a maw talisman
Wands
 r - a wand of iceblast (6)
Scrolls
 v - 2 scrolls of amnesia
 B - a scroll of teleportation
 E - a scroll of revelation
Potions
 f - 2 potions of might
 g - 3 potions of heal wounds
 j - a potion of curing
 l - a potion of cancellation
 p - a potion of haste
 s - a potion of mutation {unknown}
 w - 3 potions of attraction {unknown}
 A - a potion of brilliance {unknown}
 G - a potion of berserk rage {unknown}


   Skills:
 - Level 8.0 Fighting
 - Level 4.0 Short Blades
 - Level 5.0 Staves
 - Level 1.7 Throwing
 + Level 5.0 Dodging


You had 7 spell levels left.
You didn't know any spells.
Your spell library contained the following spells:

 Spells                   Type           Power      Damage    Failure   Level
 Blink                    Tloc           0%         N/A       50%         2
 Lesser Beckoning         Tloc           0%         N/A       50%         2
 Momentum Strike          Conj/Tloc      0%         3d8       50%         2
 Ozocubu's Armour         Ice            0%         N/A       75%         3
 Ozocubu's Refrigeration  Ice            0%         4d7       100%        7


Dungeon Overview and Level Annotations

Branches:
Dungeon (6/15)             Temple (1/1) D:5

Altars:
Cheibriados
Dithmenos
Fedhas
Hepliaklqana
Kikubaaqudgha
Makhleb
Qazlal
Ru
Sif Muna
Uskayaw
Vehumet
Wu Jian

Shops:
D:3 *


Innate Abilities, Weirdness & Mutations

You are a creature with a mouth for a stomach.
Your midsection houses a second, enormous mouth.
Your maximum health is decreased, since you lack skill for your form.
You are partially covered in rugged brown scales. (AC +1, +3% HP)
Your demonic aura sometimes causes spilled blood to erupt in flames.
You have a tail ending in a sharp stinger.


Message History

You barely miss the scorpion. You bite the scorpion.
The scorpion is moderately wounded.
The scorpion stings you but does no damage.
You hit the scorpion. You burn the scorpion.
The scorpion is heavily wounded.
The scorpion stings you.
You are lethally poisoned!
The scorpion poisons you!
The scorpion stings you but does no damage.
You slash the scorpion! You burn the scorpion.
You kill the scorpion!
Makhleb accepts your kill.
* * * LOW HITPOINT WARNING * * *
You feel very sick.
Your Dodging skill increases to level 5!
You are too injured to fight recklessly!
Unknown command.
There is a lethal amount of poison in your body!
There is a lethal amount of poison in your body!
There is a lethal amount of poison in your body!
There is a lethal amount of poison in your body!
You feel better. 2 wights come into view.
You see here a scorpion corpse.
There are monsters nearby!
There are monsters nearby!
Found 10 gold pieces.
The helpless wight fails to defend itself.
You hit the wight. You burn the wight.
The wight is moderately damaged.
The wight barely misses you. The wight misses you.
You barely miss the wight. Your bite misses the wight.
The wight is moderately damaged.
The wight misses you. The wight closely misses you.
You hit the wight. You burn the wight.
Your tail-slap misses the wight.
Your bite misses the wight.
The wight is almost destroyed.
The wight hits you but does no damage. The wight hits you with a +2 falchion!
Ouch! That really hurt!
You die...

#.#.#.#.#.#.#.#.#.#.#
.#.#.#.#.#.#.#.#.#..#####
#.#.#.#.#.#.#.#.#.#.#...
.#.#.#.#.#.#.#.#.#..#.##
#.....#.#.#.#.#.#.#)...#
.#.....#. .#.#.#.#+....#
#......# ..######†...#
#...... #.......## # ....
#W.........# ..
#...zz.........#
+..............#
#.....##.......#
########$.......
........# .....$. .....


You could see 2 wights.

Vanquished Creatures
  Pikel (D:4)
  Grinder (D:3)
  An orc warrior (D:6)
  2 ogres (D:6)
  A lemure (D:4)
  2 phantoms (D:5)
  2 scorpions
  A wight (D:6)
  2 hounds (D:5)
  2 orc priests
  A sleepcap (D:5)
  3 iguanas
  2 orc wizards (D:5)
  4 gnolls (D:4)
  6 adders
  A white imp (D:6)
  2 worms
  3 dart slugs
  12 orcs
  5 endoplasms
  2 giant cockroaches
  4 goblins
  4 hobgoblins
  5 kobolds
  6 quokkas
  3 ball pythons
  A bat (D:1)
  6 rats
85 creatures vanquished.

Notes
Turn   | Place    | Note
-------+----------+-------------------------------------------
     0 | D:1      | Newt the Demonspawn Gladiator began the quest for the Orb.
     0 | D:1      | Reached XP level 1. HP: 16/16 MP: 1/1
   326 | D:1      | Gained mutation: You have a small tail. [demonic ancestry]
   326 | D:1      | Reached XP level 2. HP: 23/23 MP: 2/2
   444 | D:1      | Reached skill level 3 in Fighting
  1131 | D:2      | Gained mutation: You have a tail ending in a sharp stinger.
                  | [demonic ancestry]
  1131 | D:2      | Reached XP level 3. HP: 26/30 MP: 3/3
  1488 | D:3      | Noticed Grinder
  1500 | D:3      | HP: 1/30 [Grinder (1)]
  1508 | D:3      | Killed Grinder
  1509 | D:3      | Reached skill level 5 in Fighting
  1509 | D:3      | Reached XP level 4. HP: 22/39 MP: 4/4
  1509 | D:3      | Reached XP level 5. HP: 25/44 MP: 5/5
  1607 | D:3      | Found Zin's Purification Station.
  1746 | D:3      | Reached skill level 1 in Staves
  1969 | D:3      | Reached XP level 6. HP: 51/51 MP: 6/6
  2004 | D:3      | Identified the +1 sling "Conservator" {flame, rF+ Str+4
                  | Dex+5}
  2279 | D:4      | Noticed Pikel
  2299 | D:4      | Killed Pikel
  2300 | D:4      | Reached skill level 5 in Staves
  2300 | D:4      | Gained mutation: Your demonic aura sometimes causes spilled
                  | blood to erupt in flames. [demonic ancestry]
  2300 | D:4      | Reached XP level 7. HP: 44/56 MP: 7/7
  2359 | D:4      | Found an ornate altar of the Wu Jian Council.
  2732 | D:4      | Found a blossoming altar of Fedhas.
  3190 | D:5      | Entered Level 5 of the Dungeon
  3228 | D:5      | Found a staircase to the Ecumenical Temple.
  3266 | Temple   | Entered the Ecumenical Temple
  3273 | Temple   | Became a worshipper of Makhleb the Destroyer
  3407 | D:5      | Reached skill level 6 in Fighting
  3407 | D:5      | Gained mutation: You are partially covered in rugged brown
                  | scales. (AC +1, +3% HP) [demonic ancestry]
  3407 | D:5      | Reached XP level 8. HP: 49/65 MP: 8/8
  3503 | D:5      | Found an ancient bone altar of Kikubaaqudgha.
  3557 | D:5      | Found a hide-covered altar of Uskayaw.
  3577 | D:5      | Found a stormy altar of Qazlal.
  3929 | D:5      | Reached skill level 7 in Fighting
  4510 | D:6      | Reached skill level 8 in Fighting
  4908 | D:6      | Reached skill level 5 in Dodging
  4915 | D:6      | Slain by a wight

Illustrated notes

Levels and vault maps discovered:
D:1:      dpeg_arrival_shelter, layout_loops_cross
D:2:      layout_basic, skrybe_limestone_x, dk_noncrumbling_4
D:3:      layout_rooms, zin_purify, uniq_grinder
D:4:      layout_basic, lemuel_tele_altar, mainiacjoe_overflow_six_doors_small,
          mainiacjoe_overflow_alcove_4, minmay_fractal_squares_5, uniq_pikel
D:5:      layout_basic, mainiacjoe_overflow_small_starburst,
          nicolae_overflow_hidden_temple, mainiacjoe_overflow_paths,
          lemuel_crystal_altar, minmay_temple_entry_waves
D:6:      layout_basic, kennysheep_little_box, nicolae_twisty_statue_hallways,
          uniq_blork_the_orc
Temple:   nicolae_temple_bog_church

Skill      XL: |  1  2  3  4  5  6  7  8 |
---------------+-------------------------+-----
Fighting       | 3 5 6 8 |  8.0
Short Blades   | 4 |  4.0
Staves         | 1 5 |  5.0
Dodging        | 3 4 5 |  5.0
Throwing       | |  1.7

Action                     |  1- 3 |  4- 6 |  7- 9 || total
---------------------------+-------+-------+-------++-------
  Melee: Rapier            |    86 |       |       ||    86
         Tailslap          |     9 |     3 |    18 ||    30
         Dagger            |    17 |     3 |       ||    20
         Lajatang          |       |    40 |   120 ||   160
         Maw               |       |       |     3 ||     3
  Throw: Throwing net      |     2 |       |       ||     2
    Use: Scroll            |     4 |     7 |     4 ||    15
         Potion            |     1 |       |     1 ||     2
   Stab: Sleeping          |     1 |       |     3 ||     4
         Held in net/web   |     1 |       |       ||     1
         Distracted        |       |       |     1 ||     1
 Armour: Leather armour    |    29 |    20 |    45 ||    94
         Skin              |       |       |     5 ||     5
  Dodge: Dodged            |    49 |    42 |    84 ||   175
   Form: Maw               |       |       |     1 ||     1

Table legend: (Time is in decaauts)
 A = Elapsed time spent in this place.
 B = Non-inter-level travel time spent in this place.
 C = Inter-level travel time spent in this place.
 D = Time resting spent in this place.
 E = Time spent auto-exploring this place.
 F = Levels seen in this place.
 G = Mean time per level.
                   A        B        C        D        E       F      G
               +--------+--------+--------+--------+--------+-----+--------+
         Total |   4945 |   4729 |    216 |    439 |   3587 |   7 |  706.4 |
       Dungeon |   4930 |   4728 |    202 |    439 |   3587 |   6 |  821.7 |
        Temple |     14 |      1 |     13 |      0 |      0 |   1 |   14.0 |
               +--------+--------+--------+--------+--------+-----+--------+

Top non-repeatable levels by time:
     D:5: 1066 daAuts
     D:4: 1005 daAuts
     D:2: 761 daAuts
     D:3: 746 daAuts
     D:1: 693 daAuts
     D:6: 656 daAuts
  Temple: 14 daAuts
